 Dungeon Sprint DCSS version 0.25-a0-478-g33c61bdccf (webtiles) character file.

Game seed: 4734285466110810245, levelgen mode: deterministic

20119 night the Wrestler (level 12, -10/139 HPs)
             Began as a Troll Fighter on Feb 8, 2020.
             Was the Champion of Wu Jian.
             Mangled by a tentacle (18 damage)
             ... attached to a kraken
             ... in the Dungeon (Sprint III: "The Ten Rune Challenge").
             The game lasted 00:12:01 (1908 turns).

night the Wrestler (Troll Fighter)                  Turns: 1908, Time: 00:12:02

Health: -10/139    AC:  7    Str: 31    XL:     12   Next: 42%
Magic:  11/11      EV: 10    Int:  4    God:    Wu Jian [******]
Gold:   5390       SH: 13    Dex:  9    Spells: 11/11 levels left

rFire    . . .     SeeInvis .     - Unarmed
rCold    . . .     Gourm    +   b - +1 shield
rNeg     . . .     Faith    .   a - +0 robe
rPois    +         Spirit   .   i - +1 hat
rElec    .         Reflect  .   (no cloak)
rCorr    .         Harm     .   (gloves unavailable)
MR       +....     NoTele   +   (boots unavailable)
Stlth    +.........             (no amulet)
HPRegen  0.73/turn              (no ring)
MPRegen  0.12/turn              (no ring)

@: no status effects
A: large, unfitting armour, claws 3, horns 1, talons 1, blurry vision 1, fast
metabolism 3, gourmand, magic resistance 1, poison resistance, regeneration 1,
shaggy fur 1, tough skin 3
a: Wall Jump, Serpent's Lash, Heavenly Storm, Renounce Religion


You were in the Dungeon.
You worshipped Wu Jian.
Wu Jian was exalted by your worship.
You were completely stuffed.

You visited 1 branch You collected 5432 gold pieces.
You spent 42 gold pieces at shops.

Inventory:

Missiles
 m - 3 boomerangs (quivered)
Armour
 a - a +0 robe (worn)
 b - a +1 shield (worn)
 i - a +1 hat (worn)
Scrolls
 j - a scroll of blinking
 k - a scroll of holy word {unknown}
 l - 3 scrolls of identify
 n - 3 scrolls of remove curse
 p - a scroll of immolation {unknown}
Potions
 c - a potion of might
 e - 5 potions of curing
 f - a potion of heal wounds
 g - a potion of haste
 h - 2 potions of magic
 o - 4 potions of flight
 r - a potion of berserk rage
Comestibles
 d - 5 rations
 q - a chunk of flesh


   Skills:
 + Level 14.3 Fighting
 + Level 8.9 Throwing
 - Level 2.4 Dodging
 - Level 9.4 Shields
 * Level 21.8 Unarmed Combat


You had 11 spell levels left.
You didn't know any spells.
Your spell library contained the following spells:

 Spells                   Type           Power        Failure   Level  Hunger
 Confusing Touch          Hex            #.......     86%         3    ####...
 Gell's Gravitas          Tloc           #.........   86%         3    ####...
 Petrify                  Tmut/Erth      #.......     99%         4    #####..
 Metabolic Englaciation   Hex/Ice        #.........   100%        5    ######.
 Yara's Violent Unravell  Hex/Tmut       #.........   100%        5    ######.


Dungeon Overview and Level Annotations

Branches:
Dungeon (1/1)

Altars:
Cheibriados
Dithmenos
Elyvilon
Fedhas
Gozag
Hepliaklqana
Kikubaaqudgha
Makhleb
Nemelex Xobeh
Okawaru
Qazlal
Ru
Sif Muna
Trog
Uskayaw
Vehumet
Wu Jian
Xom
Yredelemnul
Zin
The Shining One
Beogh
Jiyva
Lugonu

Shops:
D *


Innate Abilities, Weirdness & Mutations

You are too large for most types of armour.
You have claws for hands.
Your metabolism is lightning-fast.
You like to eat raw meat.
Your natural rate of healing is unusually fast.
You are covered in fur. (AC +1)
You have extremely tough skin. (AC +3)
You have a pair of small horns on your head.
You have sharp toenails.
Scrolls take you a little longer to read.
You are resistant to hostile enchantments. (MR+)
Your system is resistant to poisons. (rPois)


Message History

You headbutt the kraken, but do no damage.
The kraken is severely wounded.
The kraken bites you! You block the tentacle's attack.
You claw the kraken! You claw the kraken.
The kraken is severely wounded.
The kraken squirts a massive cloud of ink into the water!
The tentacle slaps you!!
You scratch the kraken but do no damage.
You claw the kraken, but do no damage.
You headbutt the kraken, but do no damage.
The kraken is severely wounded.
Tentacles burst out of the water!
The tentacle slaps you!!
* * * LOW HITPOINT WARNING * * *
3 tentacles come into view.
You scratch the kraken. You claw the kraken, but do no damage.
The kraken is almost dead.
The tentacle slaps you!!
* * * LOW HITPOINT WARNING * * *
The kraken barely misses you. The tentacle slaps you!!
You die...

...÷.....).....♣♣ ♣...##
#+#############'♣ ♣♣.##.
..J#≈P....††....♣ ♣..#†##
..J+≈≈...########♣♣ ♣♣.##.#
.JJ#≈≈≈.........PP♣ ♣♣.##.#
...#≈≈≈≈P...P....P♣ ♣.....#
+#############'############
▓.......... ▓§w@......P


▓§wXwP..PP≈ ▓§§§§w..≈≈≈ ▓≈≈≈§§≈≈≈≈≈ ▓≈≈≈≈≈§≈≈≈≈ ▓≈≈≈≈≈≈≈≈≈≈ ▓≈≈≈≈≈≈≈≈≈≈
▓≈≈≈≈≈≈≈≈≈≈ You could see a kraken and 4 tentacles.

Vanquished Creatures
  Rupert (D)
  Gastronok (D)
  2 dire elephants (D)
  Erolcha (D)
  4 death yaks (D)
  An orc high priest (D)
  3 deep elf knights (D)
  A lindwurm (D)
  3 deep elf magi (D)
  2 elephants (D)
  2 black mambas (D)
  2 spiny frogs (D)
  A komodo dragon (D)
  A rime drake (D)
  3 wandering mushrooms (D)
  8 blink frogs (D)
  2 tyrant leeches (D)
  A shadow (D)
  4 redbacks (D)
  A spatial vortex (D)
  A swamp drake (D)
  3 orc warriors (D)
  A necrophage (D)
  5 two-headed ogres (D)
  A water elemental (D)
  A jelly (D)
  2 orc wizards (D)
  A wizard (D)
  4 orc priests (D)
  Jessica (D)
  A necromancer (D)
  A kobold demonologist (D)
  3 humans (D)
  2 oozes (D)
  A phantom (D)
  8 orcs (D)
  2 tentacles (D)
82 creatures vanquished.

Vanquished Creatures (others)
  2 draconian scorchers (D)
  6 hellions (D)
  2 yaktaurs (D)
  A plant (D)
  A tentacle (D)
12 creatures vanquished.

Grand Total: 94 creatures vanquished

Notes
Turn   | Place    | Note
-------+----------+-------------------------------------------
     0 | D        | night the Troll Fighter began the quest for the Orb.
     0 | D        | Reached XP level 1. HP: 22/22 MP: 0/0
    10 | D        | Reached skill level 3 in Unarmed Combat
    16 | D        | Reached XP level 2. HP: 30/31 MP: 1/1
    30 | D        | Noticed Jessica
    36 | D        | Killed Jessica
    36 | D        | Reached skill level 4 in Unarmed Combat
    36 | D        | Reached XP level 3. HP: 37/37 MP: 2/2
    60 | D        | Reached skill level 5 in Unarmed Combat
    85 | D        | Noticed a water elemental
    90 | D        | Killed a water elemental
    90 | D        | Reached skill level 6 in Unarmed Combat
    90 | D        | Reached XP level 4. HP: 34/49 MP: 3/3
   115 | D        | Killed a hellion
   120 | D        | Found a glowing silver altar of Zin.
   121 | D        | Found a glowing golden altar of the Shining One.
   121 | D        | Found a white marble altar of Elyvilon.
   121 | D        | Noticed a deep elf mage
   125 | D        | Killed a hellion
   126 | D        | Killed a deep elf mage
   126 | D        | Reached skill level 10 in Unarmed Combat
   126 | D        | Reached XP level 5. HP: 55/61 MP: 4/4
   126 | D        | Reached XP level 6. HP: 61/68 MP: 5/5
   126 | D        | Killed a hellion
   130 | D        | Killed a hellion
   131 | D        | Killed a hellion
   135 | D        | Killed a hellion
   144 | D        | Found a radiant altar of Vehumet.
   144 | D        | Found a shimmering blue altar of Sif Muna.
   144 | D        | Found an ancient bone altar of Kikubaaqudgha.
   146 | D        | Reached XP level 7. HP: 74/76 MP: 6/6
   170 | D        | Found a hide-covered altar of Uskayaw.
   170 | D        | Found a roughly hewn altar of Beogh.
   170 | D        | Found an iron altar of Okawaru.
   170 | D        | Found a bloodstained altar of Trog.
   170 | D        | Found an ornate altar of the Wu Jian Council.
   170 | D        | Noticed a human
   171 | D        | Noticed a human
   177 | D        | Killed a human
   177 | D        | Reached skill level 11 in Unarmed Combat
   182 | D        | Killed a human
   190 | D        | Killed a white draconian scorcher
   201 | D        | Became a worshipper of the Wu Jian Council
   211 | D        | Found a basalt altar of Yredelemnul.
   211 | D        | Found a shadowy altar of Dithmenos.
   211 | D        | Found a sacrificial altar of Ru.
   216 | D        | Reached skill level 12 in Unarmed Combat
   231 | D        | Killed a yaktaur
   238 | D        | Noticed a shadow
   240 | D        | Killed a shadow
   240 | D        | Reached * piety under Wu Jian
   240 | D        | Reached XP level 8. HP: 83/88 MP: 7/7
   264 | D        | Found a blossoming altar of Fedhas.
   264 | D        | Found a stormy altar of Qazlal.
   264 | D        | Found a snail-covered altar of Cheibriados.
   264 | D        | Found a burning altar of Makhleb.
   264 | D        | Found a shimmering altar of Xom.
   265 | D        | Found a hazy altar of Hepliaklqana.
   265 | D        | Found an opulent altar of Gozag.
   265 | D        | Found a sparkling altar of Nemelex Xobeh.
   265 | D        | Found a corrupted altar of Lugonu.
   265 | D        | Found a viscous altar of Jiyva.
   289 | D        | Reached ** piety under Wu Jian
   298 | D        | Reached skill level 13 in Unarmed Combat
   348 | D        | Reached *** piety under Wu Jian
   379 | D        | Reached **** piety under Wu Jian
   400 | D        | Killed a white draconian scorcher
   408 | D        | Noticed an orc high priest
   411 | D        | Noticed a soul eater
   413 | D        | Killed an orc high priest
   413 | D        | Reached ***** piety under Wu Jian
   413 | D        | Reached skill level 14 in Unarmed Combat
   413 | D        | Reached XP level 9. HP: 45/100 MP: 8/8
   548 | D        | Found Buotu's General Store.
   590 | D        | Bought a scroll of fear for 42 gold pieces
   592 | D        | Noticed a deep elf mage
   592 | D        | Noticed a deep elf knight
   592 | D        | Noticed a deep elf mage
   592 | D        | Noticed a deep elf knight
   592 | D        | Noticed a deep elf knight
   619 | D        | Noticed a two-headed ogre
   636 | D        | Killed a two-headed ogre
   636 | D        | Reached skill level 15 in Unarmed Combat
   721 | D        | Killed a deep elf knight
   721 | D        | Reached skill level 10 in Fighting
   776 | D        | Killed a deep elf mage
   776 | D        | Reached skill level 16 in Unarmed Combat
   802 | D        | Killed a deep elf knight
   802 | D        | Reached ****** piety under Wu Jian
   802 | D        | Reached XP level 10. HP: 36/111 MP: 9/9
   951 | D        | Killed a deep elf mage
   958 | D        | Killed a deep elf knight
   958 | D        | Reached skill level 17 in Unarmed Combat
  1022 | D        | Noticed a deep elf annihilator
  1023 | D        | Noticed a deep elf demonologist
  1138 | D        | Noticed a deep elf demonologist
  1204 | D        | Gained mutation: Armour fits poorly on your strangely
                  | shaped body. [potion of mutation]
  1204 | D        | Gained mutation: You are partially covered in large bone
                  | plates. (SH +4) [potion of mutation]
  1204 | D        | Gained mutation: Your flesh is cold resistant. (rC+)
                  | [potion of mutation]
  1206 | D        | Lost mutation: Armour fits poorly on your strangely shaped
                  | body. [potion of mutation]
  1206 | D        | Lost mutation: You are partially covered in large bone
                  | plates. (SH +4) [potion of mutation]
  1206 | D        | Gained mutation: Scrolls take you a little longer to read.
                  | [potion of mutation]
  1206 | D        | Gained mutation: You are frail. (-10% HP) [potion of
                  | mutation]
  1206 | D        | Gained mutation: You have sharp toenails. [potion of
                  | mutation]
  1207 | D        | Lost mutation: You are frail. (-10% HP) [potion of
                  | mutation]
  1207 | D        | Lost mutation: Scrolls take you a little longer to read.
                  | [potion of mutation]
  1207 | D        | Lost mutation: Your flesh is cold resistant. (rC+) [potion
                  | of mutation]
  1207 | D        | Gained mutation: Armour fits poorly on your strangely
                  | shaped body. [potion of mutation]
  1207 | D        | Gained mutation: Scrolls take you a little longer to read.
                  | [potion of mutation]
  1207 | D        | Gained mutation: You are resistant to hostile enchantments.
                  | (MR+) [potion of mutation]
  1208 | D        | Lost mutation: Armour fits poorly on your strangely shaped
                  | body. [potion of mutation]
  1208 | D        | Lost mutation: Scrolls take you a little longer to read.
                  | [potion of mutation]
  1208 | D        | Gained mutation: Scrolls take you a little longer to read.
                  | [potion of mutation]
  1208 | D        | Gained mutation: You have a pair of small horns on your
                  | head. [potion of mutation]
  1208 | D        | Gained mutation: Your system is resistant to poisons.
                  | (rPois) [potion of mutation]
  1245 | D        | Noticed Erolcha
  1249 | D        | Killed Erolcha
  1255 | D        | Reached skill level 18 in Unarmed Combat
  1290 | D        | Reached skill level 12 in Fighting
  1296 | D        | Noticed a spiny frog
  1296 | D        | Noticed a spiny frog
  1298 | D        | Killed a spiny frog
  1303 | D        | Killed a spiny frog
  1303 | D        | Reached XP level 11. HP: 119/123 MP: 10/10
  1316 | D        | Reached skill level 1 in Throwing
  1316 | D        | Reached skill level 19 in Unarmed Combat
  1372 | D        | Noticed a lindwurm
  1378 | D        | Killed a lindwurm
  1378 | D        | Reached skill level 2 in Throwing
  1482 | D        | Noticed Rupert
  1490 | D        | Killed Rupert
  1490 | D        | Reached skill level 5 in Throwing
  1490 | D        | Reached skill level 20 in Unarmed Combat
  1531 | D        | Noticed an azure jelly
  1531 | D        | Noticed an azure jelly
  1531 | D        | Noticed an azure jelly
  1531 | D        | Noticed an azure jelly
  1533 | D        | Noticed a dire elephant
  1533 | D        | Noticed a dire elephant
  1533 | D        | Noticed Gastronok
  1539 | D        | Killed a dire elephant
  1545 | D        | Killed a dire elephant
  1554 | D        | Killed Gastronok
  1554 | D        | Reached skill level 21 in Unarmed Combat
  1554 | D        | Reached XP level 12. HP: 40/137 MP: 11/11
  1739 | D        | Noticed a death yak
  1740 | D        | Noticed a death yak
  1740 | D        | Noticed a death yak
  1742 | D        | Noticed a death yak
  1743 | D        | Killed a death yak
  1747 | D        | Killed a death yak
  1747 | D        | Reached skill level 14 in Fighting
  1753 | D        | Killed a death yak
  1756 | D        | Killed a death yak
  1897 | D        | Noticed a kraken
  1908 | D        | HP: 8/139 [tentacle[a kraken] (23)]
  1908 | D        | Mangled by a tentacle

Levels and vault maps discovered:
D:        dungeon_sprint_mu [sprint_mu_entry_cave, sprint_mu_temple_rooms,
          sprint_mu_d1_spiders, sprint_mu_d2_genie, sprint_mu_d3_branching,
          sprint_mu_orc_legion, sprint_mu_elf_gauntlet, sprint_mu_hive_nellie,
          sprint_mu_lair_fedhas, sprint_mu_vaults_butterflies,
          sprint_mu_slime_circle, sprint_mu_shoals_kraken,
          sprint_mu_snake_twists, sprint_mu_blade_basic,
          sprint_mu_crypt_fortress, sprint_mu_tomb_spiral,
          sprint_mu_vestibule_basic, sprint_mu_gehenna_hellfire,
          sprint_mu_dis_giant, sprint_mu_tartarus_statrot,
          sprint_mu_cocytus_islands, sprint_mu_zot1]

Skill      XL: |  1  2  3  4  5  6  7  8  9 10 11 12 |
---------------+-------------------------------------+-----
Unarmed Combat | 3 4 6 10 12 14 16 18 21 | 21.8
Fighting       | 3 4 6 7 9 10 12 13 14 | 14.3
Shields        | 3 4 6 7 9 |  9.4
Throwing       | 7 8 |  8.9
Dodging        | |  2.4

Action                   |  1- 3 |  4- 6 |  7- 9 | 10-12 || total
-------------------------+-------+-------+-------+-------++-------
Melee: Unarmed           |    26 |     6 |   130 |   137 ||   299
       Kick              |       |       |       |    54 ||    54
       Headbutt          |       |       |       |    34 ||    34
Throw: Boomerang         |       |       |       |     3 ||     3
Invok: Whirlwind         |       |       |    14 |     4 ||    18
       Lunge             |       |       |     6 |     7 ||    13
  Use: Potion            |       |       |       |     5 ||     5
       Scroll            |       |       |       |     2 ||     2
  Eat: Chunk             |       |       |    13 |    10 ||    23
Armor: Robe              |     1 |       |    10 |     9 ||    20
Dodge: Dodged            |     8 |     2 |    24 |    15 ||    49
Block: Shield            |     7 |       |    26 |    35 ||    68

Table legend:
 A = Non-vault XP
 B = Vault XP
 C = Vault XP percentage of total XP
 D = Non-vault monster count
 E = Vault monster count
 F = Vault count percentage of total count
                 A         B        C        D         E       F
            +---------+---------+-------+---------+---------+-------
      Total |       0 |   28742 | 100.0 |       0 |      80 | 100.0
            +---------+---------+-------+---------+---------+-------
          D |       0 |   28742 | 100.0 |       0 |      80 | 100.0
            +---------+---------+-------+---------+---------+-------
